 Dungeon Crawl Stone Soup version 0.29-a0-214-g17f627cfee (console) character file.

Game seed: 6141365945673016329

54 jejorda2 the Bolt Thrower (level 3, -5/22 HPs)
             Began as a Tengu Hunter on Feb 24, 2022.
             Slain by a scorpion (7 damage)
             ... on level 2 of the Dungeon.
             The game lasted 00:04:13 (1836 turns).

jejorda2 the Bolt Thrower (Tengu Hunter)            Turns: 1836, Time: 00:04:14

Health: -5/22      AC:  4    Str: 12    XL:     3   Next: 91%
Magic:  4/4        EV: 12    Int: 11    God:
Gold:   21         SH:  0    Dex: 16    Spells: 2/2 levels left

rFire   . . .      SeeInvis .   a - +1 hand crossbow
rCold   . . .      Faith    .   (no shield)
rNeg    . . .      Spirit   .   b - +1 leather armour
rPois   .          Reflect  .   (helmet restricted)
rElec   .          Harm     .   (no cloak)
rCorr   .          Rampage  .   (no gloves)
Will    .....                   (boots unavailable)
Stlth   ++........              (no amulet)
HPRegen 0.07/turn               (no ring)
MPRegen 0.09/turn               (no ring)

@: no status effects
A: beak, talons 3
a: no special abilities


You were on level 2 of the Dungeon.
You visited 1 branch of the dungeon, and saw 2 of its levels.

You collected 71 gold pieces.
You spent 50 gold pieces at shops.

Inventory:

Hand Weapons
 a - a +1 hand crossbow (weapon)
Armour
 b - a +1 leather armour (worn)
Scrolls
 i - a scroll of teleportation
 j - a scroll of fear {unknown}
Potions
 e - a potion of might
 g - a potion of brilliance
 h - 2 potions of mutation {unknown}


   Skills:
 + Level 2.6 Fighting
 * Level 5.2 Crossbows
 + Level 2.9 Dodging
 - Level 1.0 Stealth


You had 2 spell levels left.
You didn't know any spells.
Your spell library contained the following spells:

 Spells                   Type           Power      Damage    Failure   Level
 Corpse Rot               Necr/Air       0%         N/A       56%         2
 Dispel Undead            Necr           0%         3d6       99%         4
 Conjure Ball Lightning   Conj/Air       0%         3x3d6     100%        6
 Death Channel            Necr           0%         N/A       100%        6
 Discord                  Hex            0%         N/A       100%        8
 Disjunction              Tloc           0%         N/A       100%        8


Dungeon Overview and Level Annotations

Branches:
Dungeon (2/15)

Altars:

Shops:
D:1 ?


Innate Abilities, Weirdness & Mutations

You have a beak for a mouth.
You have claws for feet.


Message History

The bolt hits the scorpion but does no damage.
You shoot a bolt.
The bolt hits the scorpion but does no damage.
The scorpion closely misses you.
You shoot a bolt.
The bolt hits the scorpion but does no damage.
The scorpion barely misses you.
You shoot a bolt. The bolt barely misses the scorpion.
The scorpion stings you. The scorpion stings you!
You shoot a bolt. The bolt hits the scorpion.
The scorpion is moderately wounded.
The scorpion stings you.
You are too injured to fight recklessly!
Shoot: a) +1 hand crossbow
Press: ? - help, Q - select action Shift-Dir - straight line, f/p - scorpion
Aim: a scorpion (moderately wounded, 65% to hit)
You shoot a bolt. The bolt barely misses the scorpion.
The scorpion stings you.
* * * LOW HITPOINT WARNING * * *
You are lethally poisoned!
The scorpion poisons you! The scorpion misses you.
You feel better. The scorpion stings you!
* * * LOW HITPOINT WARNING * * *
Unknown command.
Shoot: a) +1 hand crossbow
Press: ? - help, Q - select action Shift-Dir - straight line, f/p - scorpion
Aim: a scorpion (moderately wounded, 65% to hit)
Okay, then.
Unknown command.
As you read the scroll labelled BAGEIJ OPICHOE, it crumbles to dust.
It is a scroll of enchant armour.
Your +0 leather armour glows green for a moment.
The scorpion completely misses you.
Unknown command.
Unknown command.
This is a scroll of acquirement!
Something appears before you!
The scorpion stings you but does no damage.
The scorpion stings you!
You die...

#... #.. ## ##
[.. .# #. ... .#
#.# .... .#..#
#### #######.#.#
# ........[.# #
#######s### #
.#######@#######
.
.........><.....
#.# #
.######.#.######
#.# # #.#.# #.#
# #.#.# #.# #
.######.#.#####
#.# ####.#
..............#
#.# .....#
#.######.#.###.#
###.### ######
#..........###.#
#.....#


You could see a scorpion.

Vanquished Creatures
  2 adders (D:2)
  2 dart slugs (D:1)
  5 bats
  2 endoplasms (D:1)
  2 giant cockroaches
  3 goblins (D:1)
  2 hobgoblins (D:1)
  3 jackals (D:2)
  4 kobolds (D:1)
  4 ball pythons
  A frilled lizard (D:2)
  A rat (D:1)
31 creatures vanquished.

Vanquished Creatures (others)
  3 plants (D:2)
3 creatures vanquished.

Grand Total: 34 creatures vanquished

Notes
Turn   | Place    | Note
-------+----------+-------------------------------------------
     0 | D:1      | jejorda2 the Tengu Hunter began the quest for the Orb.
     0 | D:1      | Reached XP level 1. HP: 12/12 MP: 2/2
    64 | D:1      | Reached XP level 2. HP: 10/17 MP: 3/3
   811 | D:1      | Found a faded altar of an unknown god.
   940 | D:1      | Found Weckolyrgh's Magic Scroll Boutique.
   948 | D:1      | Reached XP level 3. HP: 22/22 MP: 4/4
   952 | D:1      | Bought a scroll of identify for 20 gold pieces
  1034 | D:1      | Reached skill level 5 in Crossbows
  1682 | D:1      | Bought a scroll of teleportation for 30 gold pieces
  1825 | D:2      | Noticed a scorpion
  1833 | D:2      | HP: 1/22 [scorpion (8)]
  1836 | D:2      | Identified a scroll of acquirement
  1836 | D:2      | Acquired a +2 triple crossbow of flaming
  1836 | D:2      | Slain by a scorpion

Illustrated notes

Levels and vault maps discovered:
D:1:      dpeg_arrival_water_temple_mockup, layout_basic, serial_shops,
          nicolae_diamond_shop, chequers_ecumenical_altar_island
D:2:      layout_loops_ring, serial_bayou, serial_bayou_lake_a,
          serial_bayou_pond_e, serial_bayou_pond_a, serial_bayou_pond_a

Skill      XL: |  1  2  3 |
---------------+----------+-----
Crossbows      | 5 |  5.2
Fighting       | |  2.6
Dodging        | |  2.9
Stealth        | |  1.0

Action                   || total
-------------------------++-------
 Fire: Hand crossbow     ||    86
  Use: Scroll            ||     5
       Potion            ||     1
Armor: Leather armour    ||     6
Dodge: Dodged            ||    29

Table legend: (Time is in decaauts)
 A = Elapsed time spent in this place.
 B = Non-inter-level travel time spent in this place.
 C = Inter-level travel time spent in this place.
 D = Time resting spent in this place.
 E = Time spent auto-exploring this place.
 F = Levels seen in this place.
 G = Mean time per level.
                   A        B        C        D        E       F      G
               +--------+--------+--------+--------+--------+-----+--------+
         Total |   1877 |   1789 |     88 |      0 |   1597 |   2 |  938.5 |
       Dungeon |   1877 |   1789 |     88 |      0 |   1597 |   2 |  938.5 |
               +--------+--------+--------+--------+--------+-----+--------+

Top non-repeatable levels by time:
     D:1: 1166 daAuts
     D:2: 710 daAuts
